 Dungeon Crawl Stone Soup version 0.29-a0-972-g43c84944fd (webtiles) character file.

Game seed: 4082945048924243241

32 BritishOli the Trooper (level 3, 0/29 HPs)
             Began as a Demonspawn Fighter on July 31, 2022.
             Slain by a gnoll
             ... wielding a +0 flail
              (6 damage)
             ... on level 1 of the Dungeon.
             The game lasted 00:00:42 (1095 turns).

BritishOli the Trooper (Demonspawn Fighter)         Turns: 1095, Time: 00:00:43

Health: 0/29       AC: 11    Str: 18    XL:     3   Next: 10%
Magic:  3/3        EV:  9    Int:  9    God:
Gold:   6          SH:  4    Dex: 12    Spells: 2/2 levels left

rFire   . . .      SeeInvis .   a - +0 long sword
rCold   . . .      Faith    .   c - +0 buckler
rNeg    . . .      Spirit   .   b - +0 scale mail
rPois   .          Reflect  .   (no helmet)
rElec   .          Harm     .   k - +2 cloak
rCorr   .          Rampage  .   (no gloves)
Will    .....                   (no boots)
Stlth   ..........              (no amulet)
HPRegen 0.09/turn               (no ring)
MPRegen 0.08/turn               (no ring)

@: no status effects
A: slimy green scales 1, ignite blood 1
a: no special abilities


You were on level 1 of the Dungeon.
You visited 1 branch of the dungeon, and saw 1 of its levels.

You collected 6 gold pieces.

Inventory:

Hand Weapons
 a - a +0 long sword (weapon)
Armour
 b - a +0 scale mail (worn)
 c - a +0 buckler (worn)
 k - a +2 cloak (worn)
Jewellery
 j - a ring of wizardry
Scrolls
 e - a scroll of teleportation {unknown}
 f - a scroll of enchant weapon {unknown}
 g - a scroll of amnesia {unknown}
 i - 2 scrolls of fear {unknown}
Potions
 d - a potion of might
 h - a potion of brilliance {unknown}


   Skills:
 + Level 3.3 Fighting
 + Level 2.2 Long Blades
 + Level 3.0 Armour
 + Level 3.0 Shields


You had 2 spell levels left.
You didn't know any spells.
Your spell library contained the following spells:

 Spells                   Type           Power      Damage    Failure   Level
 Ensorcelled Hibernation  Hex/Ice        0%         N/A       94%         2
 Passwall                 Tmut/Erth      0%         N/A       94%         2
 Swiftness                Air            0%         N/A       99%         3


Dungeon Overview and Level Annotations

Branches:
Dungeon (1/15)

Altars:


Innate Abilities, Weirdness & Mutations

You are partially covered in slimy green scales. (AC +2)
Your demonic aura sometimes causes spilled blood to erupt in flames.


Message History

You kill the ball python!
You see here a ball python corpse.
You see here a ball python corpse.
A gnoll comes into view. It is wielding a +0 flail.
Found 4 gold pieces.
The gnoll shouts!
You hear an angry hiss.
A ball python comes into view.
You block the gnoll's attack.
You closely miss the gnoll. You block the gnoll's attack.
There are monsters nearby!
You closely miss the gnoll. The gnoll barely misses you.
There are monsters nearby!
You barely miss the gnoll. The gnoll closely misses you.
There are monsters nearby!
You barely miss the gnoll. The gnoll barely misses you.
The gnoll hits you with a +0 flail.
There are monsters nearby!
You barely miss the gnoll. The gnoll hits you with a +0 flail!
There are monsters nearby!
You closely miss the gnoll. The gnoll barely misses you.
There are monsters nearby!
You barely miss the gnoll. The gnoll barely misses you.
The gnoll hits you with a +0 flail.
There are monsters nearby!
You closely miss the gnoll. The gnoll hits you with a +0 flail.
There are monsters nearby!
You are too injured to fight recklessly!
You are too injured to fight recklessly!
You closely miss the gnoll. You block the gnoll's attack.
You closely miss the gnoll. The gnoll hits you with a +0 flail!
* * * LOW HITPOINT WARNING * * *
You block the gnoll's attack.
You hit the gnoll but do no damage. The gnoll hits you but does no damage.
You closely miss the gnoll. You block the gnoll's attack.
You hit the gnoll.
The gnoll is lightly wounded.
The gnoll hits you with a +0 flail.
* * * LOW HITPOINT WARNING * * *
The gnoll hits you with a +0 flail.
You die...

#..).......#..###...P#...#
#...######.#..###P##.P#
#...# #......###.### #...#
####.###P..†P##
###...######....##..P≈≈..#
................#P..≈≈≈..P#
................##P...[.P##
>...............####♣_♣###
###...######....@gS####
#...# ##.#..#...# #...#
#.#..# $.... #.>.# #.....
...# #...# ####.#. ...
###...# #.#. .# .....## #..
. # .....# #.# .###.#
#######


You could see a gnoll and a ball python.

Vanquished Creatures
  A gnoll (D:1)
  3 ball pythons (D:1)
  4 endoplasms (D:1)
  2 giant cockroaches (D:1)
  3 goblins (D:1)
  A hobgoblin (D:1)
  3 kobolds (D:1)
  A frilled lizard (D:1)
  2 rats (D:1)
20 creatures vanquished.

Vanquished Creatures (others)
  2 plants (D:1)
2 creatures vanquished.

Grand Total: 22 creatures vanquished

Notes
Turn   | Place    | Note
-------+----------+-------------------------------------------
     0 | D:1      | BritishOli the Demonspawn Fighter began the quest for the
                  | Orb.
     0 | D:1      | Reached XP level 1. HP: 18/18 MP: 1/1
   354 | D:1      | Gained mutation: You are partially covered in slimy green
                  | scales. (AC +2) [demonic ancestry]
   354 | D:1      | Reached XP level 2. HP: 10/24 MP: 2/2
   733 | D:1      | Gained mutation: Your demonic aura sometimes causes spilled
                  | blood to erupt in flames. [demonic ancestry]
   733 | D:1      | Reached XP level 3. HP: 29/29 MP: 3/3
  1054 | D:1      | Found a faded altar of an unknown god.
  1095 | D:1      | Slain by a gnoll

Illustrated notes

Levels and vault maps discovered:
D:1:      zelgadis_glass_arrival_small, layout_loops_cross,
          dreamdust_ecumenical_altar_hidden_monk_grotto, nicolae_grassy_gnolls

Skill      XL: |  1  2 |
---------------+-------+-----
Long Blades    | 2 |  2.2
Armour         | 3 |  3.0
Shields        | 3 |  3.0
Fighting       | |  3.3

Action                   || total
-------------------------++-------
Melee: Long sword        ||    61
Armor: Scale mail        ||    24
Dodge: Dodged            ||    35
Block: Buckler           ||    14

Table legend: (Time is in decaauts)
 A = Elapsed time spent in this place.
 B = Non-inter-level travel time spent in this place.
 C = Inter-level travel time spent in this place.
 D = Time resting spent in this place.
 E = Time spent auto-exploring this place.
 F = Levels seen in this place.
 G = Mean time per level.
                   A        B        C        D        E       F      G
               +--------+--------+--------+--------+--------+-----+--------+
         Total |   1114 |   1114 |      0 |    276 |    694 |   1 | 1114.0 |
       Dungeon |   1114 |   1114 |      0 |    276 |    694 |   1 | 1114.0 |
               +--------+--------+--------+--------+--------+-----+--------+

Top non-repeatable levels by time:
     D:1: 1114 daAuts
